 Dungeon Crawl Stone Soup version 0.24-a0-250-g6074511 (webtiles) character file.

Game seed: 5989206108167742627

63230 MatthieuS the Bludgeoner (level 14, 0/193 HPs)
             Began as a Minotaur Wanderer on Apr 15, 2019.
             Was the Champion of Kikubaaqudgha.
             Slain by an ufetubus (3 damage)
             ... summoned by a ynoxinul
             ... summoned by an orc high priest
             ... on level 2 of the Orcish Mines.
             The game lasted 00:54:46 (21772 turns).

MatthieuS the Bludgeoner (Minotaur Wanderer)       Turns: 21772, Time: 00:54:47

Health: 0/193      AC:  2    Str: 19    XL:     14   Next: 67%
Magic:  16/16      EV:  2    Int:  8    God:    Kikubaaqudgha [******]
Gold:   1681       SH: 13    Dex: 14    Spells: 13/13 levels left

rFire    . . .     SeeInvis +   a - +1 flail (protect)
rCold    + . .     Gourm    .   w - +0 shield
rNeg     + + +     Faith    .   (armour currently unavailable)
rPois    +         Spirit   .   (helmet currently unavailable)
rElec    .         Reflect  .   (cloak currently unavailable)
rCorr    .         Harm     .   (gloves currently unavailable)
MR       +....     NoTele   +   (boots currently unavailable)
Stlth    ++........             i - amulet of regeneration
HPRegen  0.82/turn              j - ring of protection from cold
MPRegen  0.15/turn              z - ring of see invisible

@: tree-form, corroded, protection aura
A: (retaliatory headbutt)
a: Receive Corpses, Torment, Brand Weapon With Pain, Receive Necronomicon,
Renounce Religion


You were on level 2 of the Orcish Mines.
You worshipped Kikubaaqudgha.
Kikubaaqudgha was exalted by your worship.
You were hungry.
You were a tree.
You visited 3 branches of the dungeon, and saw 19 of its levels.

You collected 2377 gold pieces.
You spent 696 gold pieces at shops.

Inventory:

Hand Weapons
 a - a +1 flail of protection (weapon)
   (You took it off Edmund on level 5 of the Dungeon)
 d - a +1 morningstar
   (You took it off a death knight on level 9 of the Dungeon)
 y - a +2 dagger of venom
   (You took it off a goblin on level 3 of the Dungeon)
Armour
 b - the +2 ratskin cloak (melded) {+Rats rPois rN+ Str-1 Int-1 Dex+1}
   (You found it on level 5 of the Dungeon)

   It affects your strength (-1).
   It affects your intelligence (-1).
   It affects your dexterity (+1).
   It protects you from poison.
   It protects you from negative energy.
 c - +3 gold dragon scales (melded)
   (You found it on level 1 of the Lair of Beasts)
 n - a +0 pair of boots (melded)
   (You found it on level 9 of the Dungeon)
 w - a +0 shield (worn)
   (You found it on level 6 of the Lair of Beasts)
Jewellery
 i - an amulet of regeneration (around neck)
   (You found it on level 2 of the Dungeon)
 j - a ring of protection from cold (left branch)
   (You found it on level 1 of the Lair of Beasts)
 z - a ring of see invisible (right branch)
   (You found it on level 1 of the Dungeon)
Wands
 m - a wand of scattershot (2)
   (You found it on level 4 of the Lair of Beasts)
 t - a wand of flame (43)
   (You found it on level 3 of the Lair of Beasts)
 v - a wand of enslavement (11)
   (You found it on level 6 of the Lair of Beasts)
Scrolls
 g - 5 scrolls of magic mapping
 h - 3 scrolls of remove curse {@r2}
 B - 2 scrolls of fog
 C - a scroll of identify {@r1}
 G - 3 scrolls of enchant weapon
 H - a scroll of vulnerability {!r}
Potions
 f - 3 potions of brilliance
 o - 2 potions of flight
 r - 3 potions of haste {@q3}
 u - 4 potions of mutation {!q}
 x - a potion of lignification {!q}
 E - 11 potions of curing {@q1}
Comestibles
 e - 21 rations
 k - 11 chunks of flesh


   Skills:
 + Level 13.2 Fighting
 * Level 17.4 Maces & Flails
 + Level 13.2 Armour
 + Level 9.3 Dodging
 - Level 1.0 Stealth
 + Level 12.8 Shields
 - Level 5.0 Evocations


You had 13 spell levels left.
You didn't know any spells.
Your spell library contained the following spells:

 Spells                   Type           Power        Failure   Level  Hunger
 Animate Skeleton         Necr           N/A          50%         1    ##.....
 Corona                   Hex            #......      50%         1    ##.....
 Flame Tongue             Conj/Fire      #....        50%         1    ##.....
 Pain                     Necr           #...         50%         1    ##.....
 Shock                    Conj/Air       #...         50%         1    ##.....
 Summon Butterflies       Summ           #.......     50%         1    ##.....
 Ensorcelled Hibernation  Hex/Ice        #.....       65%         2    ###....
 Poisonous Vapours        Pois/Air       #.....       65%         2    ###....
 Slow                     Hex            #.......     65%         2    ###....
 Sublimation of Blood     Necr           #.........   65%         2    ###....
 Swiftness                Chrm/Air       #.......     65%         2    ###....
 Throw Flame              Conj/Fire      #.....       65%         2    ###....
 Call Canine Familiar     Summ           #.......     86%         3    ####...
 Confuse                  Hex            #.......     86%         3    ####...
 Conjure Flame            Conj/Fire      #.......     86%         3    ####...
 Dazzling Spray           Conj/Hex       #.....       86%         3    ####...
 Inner Flame              Hex/Fire       #.......     86%         3    ####...
 Mephitic Cloud           Conj/Pois/Air  #.......     86%         3    ####...
 Portal Projectile        Hex/Tloc       #.....       86%         3    ####...
 Static Discharge         Conj/Air       #.......     86%         3    ####...
 Tukima's Dance           Hex            #.......     86%         3    ####...
 Vampiric Draining        Necr           #.........   86%         3    ####...
 Airstrike                Air            #.........   99%         4    #####..
 Animate Dead             Necr           N/A          99%         4    #####..
 Cause Fear               Hex            #.........   99%         4    #####..
 Leda's Liquefaction      Hex/Erth       #.........   99%         4    #####..
 Sticky Flame             Conj/Fire      #.......     99%         4    #####..
 Summon Ice Beast         Ice/Summ       #.......     99%         4    #####..
 Bolt of Draining         Conj/Necr      #.........   100%        5    ######.
 Borgnjor's Vile Clutch   Necr/Erth      #.........   100%        5    ######.
 Dispel Undead            Necr           #.......     100%        5    ######.
 Excruciating Wounds      Chrm/Necr      #.........   100%        5    ######.
 Fireball                 Conj/Fire      #.........   100%        5    ######.
 Lightning Bolt           Conj/Air       #.........   100%        5    ######.
 Summon Mana Viper        Hex/Summ       #.......     100%        5    ######.
 Freezing Cloud           Conj/Ice/Air   #.........   100%        6    #######
 Ring of Flames           Chrm/Fire      #.........   100%        7    #######
 Summon Hydra             Summ           #.........   100%        7    #######


Dungeon Overview and Level Annotations

Branches:
Dungeon (12/15)            Temple (0/1) D:7            Lair (6/6) D:8
  Swamp (0/4) Lair:3       Spider (0/4) Lair:3        Slime (0/5) Lair:6
    Orc (2/2) D:12            Elf (0/3) Orc:2

Altars:
Ashenzari
Elyvilon
Fedhas
Hepliaklqana
Kikubaaqudgha
Makhleb
Okawaru
Qazlal
Ru
Uskayaw
Vehumet
Wu Jian
Xom
Zin
Jiyva

Shops:
D:10 *   Orc:1 !

Portals:
Hell: Lair:6

Annotations:
D:5 2 runed translucent doors, MatthieuS's ghost, amateur DsVM


Innate Abilities, Weirdness & Mutations

((You reflexively headbutt those who attack you in melee.))
((You have a pair of horns on your head.))


Message History

The ynoxinul is unaffected.
The rust devil is unaffected.
The ufetubus is unaffected.
The ufetubus is unaffected.
The ufetubus is unaffected.
The ufetubus is unaffected.
The ufetubus is unaffected.
The sun demon is unaffected.
The ufetubus is unaffected.
The orc knight looks frightened!
The orc high priest looks frightened!
You block the ufetubus's attack. x2; The ufetubus hits you.
* * * LOW HITPOINT WARNING * * *
You block the ufetubus's attack. The rust devil hits you.
* * * LOW HITPOINT WARNING * * *
The rust devil corrodes you!
The ynoxinul gestures.
Unknown command.
You feel much better.
The ufetubus disappears in a puff of smoke! x2
The ufetubus hits you.
* * * LOW HITPOINT WARNING * * *
The ufetubus hits you.
* * * LOW HITPOINT WARNING * * *
The sun demon hits you!!
* * * LOW HITPOINT WARNING * * *
You are engulfed in flames!
You resist.
* * * LOW HITPOINT WARNING * * *
You block the rust devil's attack. The ufetubus closely misses you.
You block the ufetubus's attack. The ufetubus hits you.
* * * LOW HITPOINT WARNING * * *
You block the ufetubus's attack.
Okay, then.
Really quaff
x - 2 potions of lignification {!q}?
Really quaff the potion of lignification?
You turn into a tree.
The +2 ratskin cloak {+Rats rPois rN+ Str-1 Int-1 Dex+1} melds into your body.
Your +0 pair of boots melds into your body.
Your +3 gold dragon scales melds into your body.
Your roots penetrate the ground.
You block the ufetubus's attack. x2
The ufetubus hits you but does no damage.
The ufetubus hits you.
* * * LOW HITPOINT WARNING * * *
You block the sun demon's attack. The ufetubus barely misses you.
The ufetubus hits you.
* * * LOW HITPOINT WARNING * * *
You block the rust devil's attack. The ufetubus hits you.
* * * LOW HITPOINT WARNING * * *
The ufetubus hits you.
You die...
Kikubaaqudgha rasps: "You have failed me!
Welcome... death!"

...)....).)......................
..(..............[..............#
.()).....)..)....................
()..[.#...).......)[..#..........
..[...#....[......).).#..........
.....[#######...#######).........
......# ##.o.))..## #.[........
......# #..#)55#5.# #..........
......# ##....35♣5§# #..........
......# #...#.54#35.# #..........
......###........5..# #..........
......##....#...#....##..........
......##............o##..........
......##....#...#....##..#.......
......##.............#
......##....#...#....#
......###...........#


You could see an orc knight (fleeing), an orc high priest (fleeing), a sun
demon, a rust devil, a ynoxinul and 8 ufetubi.

Vanquished Creatures
  Rupert (Orc:2)
  An orc warlord (Orc:2)
  A stone giant (D:12)
  A dire elephant (Lair:6)
  3 hydras
  3 two-headed ogres
  A death knight (D:9)
  4 orc high priests (Orc:2)
  A sun demon (Lair:6)
  A wizard (Lair:6)
  9 orc knights
  4 ugly things (D:12)
  7 orc sorcerers
  2 cyclopes
  A manticore (D:12)
  A centaur zombie (D:12)
  An elephant (Lair:6)
  An ice statue (D:12)
  A smoke demon (Lair:6)
  8 spiny frogs
  8 black mambas
  An orange demon (Lair:6)
  3 komodo dragons
  2 freezing wraiths (D:9)
  7 rime drakes
  2 ice devils (Lair:6)
  2 red devils (Lair:6)
  3 trolls
  4 polar bears
  Prince Ribbit (D:5)
  14 blink frogs
  12 hippogriffs
  2 wyverns
  4 hogs (D:9)
  38 yaks
  3 wraiths
  A human (D:9)
  3 basilisks
  2 hungry ghosts
  3 wargs
  4 swamp worms (D:9)
  Edmund (D:5)
  2 acid dragons (D:12)
  12 water moccasins
  4 hell hounds (Lair:6)
  15 porcupines
  3 ice beasts
  A sky beast (D:8)
  4 necrophages
  32 orc warriors
  3 wolves (Lair:2)
  An eye of draining (D:9)
  11 ogres
  20 crocodiles
  A centaur (D:12)
  3 big kobolds
  21 bullfrogs
  A wyvern skeleton (D:9)
  2 scorpions (D:9)
  15 wights
  3 howler monkeys
  4 electric eels
  2 bullfrog zombies
  5 crimson imps
  3 jellies
  6 hounds
  3 human zombies (D:7)
  31 orc priests
  17 orc wizards
  A human skeleton (D:7)
  Jessica (D:2)
  Terence (D:2)
  2 iguanas
  A hell rat (D:5)
  8 worker ants
  An ogre zombie (D:7)
  A mummy (D:7)
  A hound skeleton (D:8)
  A howler monkey zombie (D:5)
  4 gnolls (D:7)
  11 adders
  6 river rats (D:5)
  A shadow imp (D:7)
  An adder skeleton (D:4)
  A worm (D:6)
  5 leopard geckos
  103 orcs
  A ball python (D:1)
  7 giant cockroaches
  8 goblins
  6 hobgoblins
  11 jackals
  6 quokkas
  5 bats
  2 frilled lizards (D:2)
  22 kobolds
  A leopard gecko skeleton (D:5)
  A leopard gecko zombie (D:8)
  A quokka zombie (D:6)
  19 rats
  3 fungi (D:8)
  A plant (D:8)
641 creatures vanquished.

Vanquished Creatures (collateral kills)
  A hydra (Lair:1)
  A troll (D:9)
  5 yaks (D:9)
  3 swamp worms (D:9)
  2 orc warriors (Orc:2)
  A bullfrog (Lair:2)
  A crimson imp (D:9)
  An orc priest (D:9)
  A shadow imp (D:9)
  3 orcs (D:9)
19 creatures vanquished.

Vanquished Creatures (others)
  6 fungi
  8 plants
14 creatures vanquished.

Grand Total: 674 creatures vanquished

Notes
Turn   | Place    | Note
-------+----------+-------------------------------------------
     0 | D:1      | MatthieuS the Minotaur Wanderer began the quest for the
                  | Orb.
     0 | D:1      | MatthieuS set off with the following items: a +2 mace, a +0
                  | shortbow, 23 arrows, a +0 buckler, a ration, a +0 robe
     0 | D:1      | Reached XP level 1. HP: 19/19 MP: 0/0
    39 | D:1      | You fall through a shaft!
    39 | D:2      | Found a faded altar of an unknown god.
    43 | D:2      | Became a worshipper of Kikubaaqudgha
    43 | D:2      | Reached * piety under Kikubaaqudgha
    43 | D:2      | Identified Kikubaaqudgha's Tome of Black Rituals
                  | (Kikubaaqudgha gifted it to you on level 2 of the Dungeon)
    43 | D:2      | Received a gift from Kikubaaqudgha
   206 | D:2      | Noticed Jessica
   223 | D:2      | Killed Jessica
   223 | D:2      | Reached skill level 3 in Maces & Flails
   223 | D:2      | Reached XP level 2. HP: 13/27 MP: 1/1
   223 | D:2      | Reached XP level 3. HP: 16/33 MP: 2/2
   394 | D:2      | Noticed Terence
   409 | D:2      | Killed Terence
   409 | D:2      | Reached XP level 4. HP: 19/40 MP: 1/3
   461 | D:2      | Noticed an ice beast
   468 | D:2      | Killed an ice beast
   468 | D:2      | Reached skill level 4 in Maces & Flails
   468 | D:2      | Reached XP level 5. HP: 25/47 MP: 4/4
  1608 | D:3      | Reached ** piety under Kikubaaqudgha
  1916 | D:3      | Reached skill level 5 in Maces & Flails
  1933 | D:3      | Reached XP level 6. HP: 27/55 MP: 5/5
  1937 | D:3      | Reached skill level 5 in Armour
  2465 | D:3      | Reached skill level 5 in Fighting
  3097 | D:5      | Entered Level 5 of the Dungeon
  3210 | D:5      | Noticed Edmund
  3234 | D:5      | Killed Edmund
  3234 | D:5      | Reached skill level 6 in Maces & Flails
  3234 | D:5      | Reached XP level 7. HP: 31/61 MP: 6/6
  3303 | D:5      | Noticed Prince Ribbit
  3343 | D:5      | Found a runed translucent door.
  3347 | D:5      | Noticed MatthieuS's ghost (amateur DsVM)
  3401 | D:5      | Killed Prince Ribbit
  3795 | D:5      | Reached *** piety under Kikubaaqudgha
  3795 | D:5      | Identified Kikubaaqudgha's Catalogue of Darkness
                  | (Kikubaaqudgha gifted it to you on level 5 of the Dungeon)
  3795 | D:5      | Received a gift from Kikubaaqudgha
  3821 | D:5      | Reached skill level 7 in Maces & Flails
  3840 | D:5      | Found the +2 ratskin cloak {+Rats rPois rN+ Str-1 Int-1
                  | Dex+1}
  3911 | D:5      | Found a runed translucent door.
  3996 | D:5      | Found an ornate altar of the Wu Jian Council.
  4423 | D:6      | Reached skill level 5 in Shields
  4428 | D:6      | Reached XP level 8. HP: 55/70 MP: 7/7
  4681 | D:6      | Reached skill level 1 in Evocations
  5388 | D:7      | Reached skill level 8 in Maces & Flails
  5455 | D:7      | Noticed a hippogriff
  5468 | D:7      | Killed a hippogriff
  5645 | D:7      | Reached **** piety under Kikubaaqudgha
  5646 | D:7      | Found a sacrificial altar of Ru.
  5684 | D:7      | Found a stormy altar of Qazlal.
  5752 | D:7      | Found a radiant altar of Vehumet.
  5860 | D:7      | Found a hazy altar of Hepliaklqana.
  5861 | D:7      | Found a hide-covered altar of Uskayaw.
  5872 | D:7      | Found a staircase to the Ecumenical Temple.
  6157 | D:7      | Reached XP level 9. HP: 77/79 MP: 9/9
  6282 | D:7      | Reached skill level 9 in Maces & Flails
  6348 | D:7      | Found an ancient bone altar of Kikubaaqudgha.
  6517 | D:7      | Found an iron altar of Okawaru.
  6977 | D:8      | Reached skill level 10 in Maces & Flails
  7026 | D:8      | Reached XP level 10. HP: 32/88 MP: 10/12
  7094 | D:8      | Found a staircase to the Lair.
  7118 | D:8      | Reached ***** piety under Kikubaaqudgha
  7718 | D:9      | Reached skill level 11 in Maces & Flails
  7816 | D:9      | Found a glowing silver altar of Zin.
  7816 | D:9      | Found a shimmering altar of Xom.
  7816 | D:9      | Noticed a death knight
  8149 | Lair:1   | Entered Level 1 of the Lair of Beasts
  8459 | Lair:1   | Got a spiked plate armour
  8471 | Lair:1   | Identified the +3 plate armour "Vapuefec" {rF+++ rC- rCorr
                  | Dex-3} (You found it on level 1 of the Lair of Beasts)
  8501 | Lair:1   | Reached skill level 5 in Evocations
  8542 | Lair:1   | Reached skill level 1 in Dodging
  8585 | Lair:1   | Reached skill level 12 in Maces & Flails
  8624 | Lair:1   | Reached XP level 11. HP: 87/97 MP: 13/13
  9001 | Lair:1   | Noticed a seven-headed hydra
  9018 | Lair:1   | Killed a seven-headed hydra
  9611 | Lair:2   | Noticed a four-headed hydra
  9620 | Lair:2   | Killed a four-headed hydra
  9774 | Lair:2   | Reached skill level 10 in Armour
  9833 | Lair:2   | Reached ****** piety under Kikubaaqudgha
  9969 | Lair:2   | Reached skill level 10 in Fighting
  9975 | Lair:2   | Reached skill level 13 in Maces & Flails
 10523 | Lair:3   | Found a staircase to the Swamp.
 10686 | Lair:3   | Found a hole to the Spider Nest.
 11065 | Lair:3   | Reached XP level 12. HP: 87/107 MP: 14/14
 11285 | Lair:3   | Reached skill level 10 in Shields
 12275 | Lair:4   | Reached skill level 5 in Dodging
 12450 | Lair:5   | Reached skill level 14 in Maces & Flails
 13026 | Lair:5   | Noticed a seven-headed hydra
 13044 | Lair:5   | Killed a seven-headed hydra
 13349 | Lair:6   | Entered Level 6 of the Lair of Beasts
 13433 | Lair:6   | Noticed a five-headed hydra
 13457 | Lair:6   | Killed a five-headed hydra
 13849 | Lair:6   | Reached skill level 15 in Maces & Flails
 13902 | Lair:6   | Found a burning altar of Makhleb.
 13923 | Lair:6   | Reached XP level 13. HP: 108/116 MP: 15/15
 13970 | Lair:6   | Found a gateway to Hell.
 14072 | Lair:6   | Noticed a dire elephant
 14096 | Lair:6   | Killed a dire elephant
 14738 | Lair:6   | Found a viscous altar of Jiyva.
 14767 | Lair:6   | Found a staircase to the Slime Pits.
 15412 | D:9      | Found a white marble altar of Elyvilon.
 15414 | D:9      | Found a shattered altar of Ashenzari.
 15416 | D:9      | Found a faded altar of an unknown god.
 15557 | D:9      | Found a white marble altar of Elyvilon.
 15837 | D:9      | Found a blossoming altar of Fedhas.
 16063 | D:10     | Entered Level 10 of the Dungeon
 16118 | D:10     | Found Zirel's Assorted Antiques.
 16134 | D:10     | Bought a translucent whip for 225 gold pieces
 16134 | D:10     | Bought a potion of curing for 90 gold pieces
 16134 | D:10     | Bought a potion of heal wounds for 150 gold pieces
 16135 | D:10     | Identified the +5 whip of Zyqad {speed, -Tele rC++} (You
                  | bought it in a shop on level 10 of the Dungeon)
 16152 | D:10     | Reached skill level 16 in Maces & Flails
 16231 | D:10     | You fall through a shaft for 2 floors!
 16920 | D:12     | Found a staircase to the Orcish Mines.
 17266 | D:12     | Noticed a stone giant
 17286 | D:12     | Killed a stone giant
 17286 | D:12     | Reached XP level 14. HP: 62/127 MP: 16/16
 17758 | Orc:1    | Entered Level 1 of the Orcish Mines
 18341 | Orc:2    | Entered Level 2 of the Orcish Mines
 18343 | Orc:2    | Found a staircase to the Elven Halls.
 18759 | Orc:2    | Noticed an orc warlord
 18815 | Orc:2    | Killed an orc warlord
 18815 | Orc:2    | Paralysed by an orc sorcerer for 2 turns
 19276 | Orc:1    | Found Qutwog's Distillery.
 19284 | Orc:1    | Bought a potion of curing for 33 gold pieces
 19284 | Orc:1    | Bought a potion of agility for 44 gold pieces
 19284 | Orc:1    | Bought a potion of curing for 33 gold pieces
 19284 | Orc:1    | Bought a potion of mutation for 88 gold pieces
 19284 | Orc:1    | Bought a potion of curing for 33 gold pieces
 19556 | Orc:2    | Noticed Rupert
 19875 | Orc:2    | Reached skill level 17 in Maces & Flails
 20185 | Orc:2    | Killed Rupert
 20935 | Orc:2    | HP: 4/129 [orc knight/+1 war axe (30)]
 21771 | Orc:2    | HP: 6/129 [sun demon[an orc high priest] (8)]
 21772 | Orc:2    | Slain by an ufetubus

Levels and vault maps discovered:
D:1:      saegor_arrival_simple_d, layout_basic
D:2:      layout_loops_ring, first_ration,
          chequers_ecumenical_altar_simple_redux, minmay_close_crescents,
          uniq_jessica, uniq_terence
D:3:      layout_basic
D:4:      minmay_spotlight, layout_gridville, chequers_serial_rivers_micro_a
D:5:      wander_guarded_unrand_ratskin, layout_layer_cave,
          nicolae_overflow_crystal_walls, ebering_ghost_sewer_f, minmay_holes,
          uniq_edmund, uniq_prince_ribbit1
D:6:      layout_basic, kennysheep_decorative_pillar, minivault_25
D:7:      layout_layer_cave, lemuel_mausoleum_altar_kikubaaqudgha,
          marbit_many_paths, grunt_qazlal_sundering, minitemple,
          chequers_temple_overflow_statue_of_worship, temple_fountains
D:8:      layout_loops_ring, due_lair_maze_entry_diamond
D:9:      layout_gridville, chequers_temple_overflow_minitemple, fedhas_altar_2,
          basic_altar, grunt_livestock, worms_lemuel
D:10:     cheibrodos_frozen_isle, layout_gridville, serial_shops, shop_fountains
D:12:     layout_loops_ring, hiddenorc1_lemuel, minivault_16, nzn_random_ring
Lair:1:   wander_river, layout_small_grid, chequers_serial_rivers_small_a,
          disabler_island
Lair:2:   layout_regular_city, beast_lair_carwin_6
Lair:3:   layout_cave_pods, swamp_mist_pool, spider_nest_entry_web_field,
          beast_lair_carwin_4
Lair:4:   layout_regular_city, lookout_lair_type, serial_bayou_shore_a
Lair:5:   layout_gridlike, lemuel_fruit_tree
Lair:6:   evil_forest, layout_big_grid, dpeg_slime_entry_enclosed_altar
Orc:1:    layout_caves, serial_shops, nicolae_shop_trees
Orc:2:    st_orc_pillars, layout_diamond_mine, uniq_rupert

Skill      XL: |  1  2  3  4  5  6  7  8  9 10 11 12 13 14 |
---------------+-------------------------------------------+-----
Maces & Flails | 3 4 5 6 7 8 10 12 13 15 16 17 | 17.4
Armour         | 4 5 6 7 8 9 10 11 12 13 | 13.2
Fighting       | 4 5 6 7 8 9 10 11 12 13 | 13.2
Shields        | 2 3 4 5 6 7 8 9 11 12 | 12.8
Evocations     | 2 4 5 |  5.0
Dodging        | 1 4 6 8 9 |  9.3
Stealth        | |  1.0

Action                   |  1- 3 |  4- 6 |  7- 9 | 10-12 | 13-15 || total
-------------------------+-------+-------+-------+-------+-------++-------
Melee: Mace              |    19 |       |       |       |       ||    19
       Headbutt          |     6 |    29 |    85 |   189 |   325 ||   634
       Hand axe          |    13 |       |       |       |       ||    13
       Flail             |       |   164 |   431 |   905 |   744 ||  2244
       Morningstar       |       |       |       |       |   714 ||   714
 Abil: Evoke Ratskin     |       |       |       |    16 |    10 ||    26
Evoke: Wand              |       |       |       |    12 |     1 ||    13
  Use: Potion            |       |     3 |     2 |     7 |    12 ||    24
       Scroll            |       |       |       |    26 |    14 ||    40
 Stab: Sleeping          |       |     2 |     3 |       |       ||     5
       Distracted        |       |       |       |     1 |     1 ||     2
  Eat: Chunk             |       |     7 |     9 |    24 |    18 ||    58
       Ration            |       |       |     2 |     1 |     4 ||     7
Armor: Robe              |     1 |       |       |       |       ||     1
       Leather armour    |       |    36 |    46 |       |       ||    82
       Scale mail        |       |       |   125 |    25 |       ||   150
       Plate armour      |       |       |       |   502 |    47 ||   549
       Troll leather arm |       |       |       |    22 |       ||    22
       Gold dragon scale |       |       |       |       |   679 ||   679
       Skin              |       |       |       |       |    12 ||    12
Dodge: Dodged            |    17 |    65 |   181 |   257 |   279 ||   799
Block: Buckler           |     4 |    24 |   100 |   224 |    23 ||   375
       Shield            |       |       |       |       |   812 ||   812

Table legend:
 A = Non-vault XP
 B = Vault XP
 C = Vault XP percentage of total XP
 D = Non-vault monster count
 E = Vault monster count
 F = Vault count percentage of total count
                 A         B        C        D         E       F
            +---------+---------+-------+---------+---------+-------
      Total |   55123 |   35206 |  39.0 |     453 |     203 |  30.9
            +---------+---------+-------+---------+---------+-------
        D:1 |      24 |       0 |   0.0 |      14 |       0 |   0.0
        D:2 |     188 |      93 |  33.1 |      17 |       8 |  32.0
        D:3 |     160 |       0 |   0.0 |      14 |       0 |   0.0
        D:4 |     167 |       2 |   1.2 |      14 |       1 |   6.7
        D:5 |      96 |     554 |  85.2 |      12 |      23 |  65.7
        D:6 |     584 |       0 |   0.0 |      23 |       0 |   0.0
        D:7 |    1018 |     984 |  49.2 |      23 |      13 |  36.1
        D:8 |    1387 |    1419 |  50.6 |      28 |      10 |  26.3
        D:9 |    4124 |    1949 |  32.1 |      41 |      12 |  22.6
       D:10 |    2166 |       0 |   0.0 |      12 |       0 |   0.0
       D:12 |    6527 |    5426 |  45.4 |      60 |      33 |  35.5
     Lair:1 |    5432 |     352 |   6.1 |      25 |       4 |  13.8
     Lair:2 |    3372 |     816 |  19.5 |      17 |       6 |  26.1
     Lair:3 |    4388 |     717 |  14.0 |      21 |       6 |  22.2
     Lair:4 |    2361 |       0 |   0.0 |       9 |       0 |   0.0
     Lair:5 |    6255 |       0 |   0.0 |      24 |       0 |   0.0
     Lair:6 |    6647 |   10146 |  60.4 |      26 |      26 |  50.0
      Orc:1 |    1969 |     125 |   6.0 |      32 |       1 |   3.0
      Orc:2 |    8258 |   12623 |  60.5 |      41 |      60 |  59.4
            +---------+---------+-------+---------+---------+-------
